 Dungeon Crawl Stone Soup version 0.23.2-40-g277498a001 (webtiles) character file.

Game seed: 8496397581837297811

505611 MisterOstroum the Warrior (level 25, -8/218 HPs)
             Began as a Ghoul Fighter on Oct 18, 2019.
             Was an Elder of Cheibriados.
             Killed from afar by a deep elf high priest (32 damage)
             ... with damnation
             ... on level 5 of the Vaults on Oct 21, 2019.
             The game lasted 05:36:51 (55711 turns).

MisterOstroum the Warrior (Ghoul Fighter)          Turns: 55711, Time: 05:36:51

Health: -8/218     AC: 31    Str: 53    XL:     25   Next: 34%
Magic:  24/34      EV: 16    Int: 13    God:    Cheibriados [****..]
Gold:   636        SH: 31    Dex: 18    Spells: 28/30 levels left

rFire    + . .     SeeInvis .   b - +9 broad axe (elec)
rCold    + + .     Gourm    .   m - +0 large shield
rNeg     + + +     Faith    .   E - +3 gold dragon scales
rPois    ∞         Spirit   .   Q - +0 helmet "Zaew" {Str+6}
rElec    .         Reflect  +   j - +2 cloak {+Inv}
rCorr    .         Harm     .   (no gloves)
MR       ++...                  y - +2 pair of boots
Stlth    ..........             Z - +4 amulet of reflection
HPRegen  0.00/turn              C - ring of protection from magic
MPRegen  0.24/turn              i - +5 ring of strength

@: about to teleport, rotting, very slow
A: rotting body, claws 1, carnivore, cold resistance 1, negative energy
resistance 3, inhibited regeneration, torment resistance, unbreathing
}: 2/15 runes: serpentine, barnacled
a: Bend Time, Temporal Distortion, Slouch, Renounce Religion, Evoke Invisibility


You were on level 5 of the Vaults.
You worshipped Cheibriados.
Cheibriados was greatly pleased with you.
You were not hungry.

You visited 8 branches of the dungeon, and saw 44 of its levels.
You also visited: Ice Cave.

You collected 4383 gold pieces.
You spent 3747 gold pieces at shops.

Inventory:

Hand Weapons
 a - a +0 demon trident of electrocution
 b - a +9 broad axe of electrocution (weapon)
 c - a +0 fustibalus of flaming
Missiles
 e - 19 javelins of penetration (quivered)
 g - 117 sling bullets
 k - 6 throwing nets {!f}
 q - 13 silver javelins
Armour
 j - a +2 cloak of invisibility (worn)
 m - a +0 large shield (worn)
 y - a +2 pair of boots (worn)
 E - +3 gold dragon scales (worn)
 I - a +2 helmet
 Q - the +0 helmet "Zaew" (worn) {Str+6}
   (You found it on level 3 of the Depths)

   It affects your strength (+6).
Jewellery
 i - a +5 ring of strength (right claw)
 z - a +4 ring of protection
 C - a ring of protection from magic (left claw)
 V - an uncursed ring of flight
 Z - a +4 amulet of reflection (around neck)
Wands
 p - a wand of paralysis (11)
 K - a wand of iceblast (86)
 L - a wand of enslavement (9)
 U - a wand of clouds (4)
 X - a wand of acid (21)
 Y - a wand of digging (14)
Scrolls
 h - 2 scrolls of magic mapping {@r5 !r}
 n - a scroll of silence
 t - 5 scrolls of fog {!r}
 w - a scroll of immolation
 A - 21 scrolls of remove curse {@r2}
 D - 4 scrolls of teleportation {@r3 !r}
 F - 5 scrolls of blinking {@r4}
 H - 3 scrolls of fear {!r}
 J - 17 scrolls of identify {@r1}
 W - a scroll of summoning
Potions
 f - 2 potions of ambrosia
 o - 4 potions of cancellation
 r - 9 potions of resistance
 s - 2 potions of magic
 u - 14 potions of curing {@q1 !q}
 x - 3 potions of invisibility
 G - 4 potions of might {@q3 !q}
 M - 4 potions of agility {@q5 !q}
Miscellaneous
 d - 2 sacks of spiders
 l - a phial of floods
 B - 2 boxes of beasts
 N - a lightning rod (4/4)
 R - a fan of gales
 S - a lamp of fire


   Skills:
 + Level 16.5 Fighting
 - Level 16.4(18.0) Axes
 - Level 13.0(16.3) Polearms
 - Level 12.0(12.4) Slings
 - Level 5.3(9.5) Throwing
 - Level 14.7 Armour
 * Level 13.0 Dodging
 + Level 16.3 Shields
 - Level 3.0 Spellcasting
 - Level 7.0 Translocations
 + Level 16.5 Invocations
 - Level 10.0 Evocations


You had 28 spell levels left.
You knew the following spells:

 Your Spells              Type           Power        Failure   Level  Hunger
B - Blink                 Tloc           N/A          30%         2    ###....

Your spell library contained the following spells:

 Spells                   Type           Power        Failure   Level  Hunger
 Gell's Gravitas          Tloc           ###.......   52%         3    ###....
 Lesser Beckoning         Tloc           ###.......   52%         3    ###....
 Teleport Other           Tloc           ###.....     52%         3    ###....
 Shroud of Golubria       Chrm/Tloc      ##........   78%         2    ###....
 Passage of Golubria      Tloc           N/A          90%         4    #####..
 Recall                   Summ/Tloc      N/A          95%         3    ###....
 Corona                   Hex            #......      98%         1    #......
 Magic Dart               Conj           #...         98%         1    #......
 Shock                    Conj/Air       #...         98%         1    #......
 Summon Small Mammal      Summ           #...         98%         1    #......
 Call Imp                 Summ           #.......     99%         2    ###....
 Ensorcelled Hibernation  Hex/Ice        #.....       99%         2    ###....
 Passwall                 Tmut/Erth      #.......     99%         2    ###....
 Searing Ray              Conj           #.....       99%         2    ###....
 Sticks to Snakes         Tmut           #.......     99%         2    ###....
 Swiftness                Chrm/Air       #.......     99%         2    ###....
 Call Canine Familiar     Summ           #.......     100%        3    ###....
 Confuse                  Hex            #.......     100%        3    ###....
 Dazzling Spray           Conj/Hex       #.....       100%        3    ###....
 Static Discharge         Conj/Air       #.......     100%        3    ###....
 Summon Guardian Golem    Hex/Summ       #.......     100%        3    ###....
 Tukima's Dance           Hex            #.......     100%        3    ###....
 Airstrike                Air            #.........   100%        4    #####..
 Animate Dead             Necr           N/A          100%        4    #####..
 Cause Fear               Hex            #.........   100%        4    #####..
 Force Lance              Conj/Tloc      ##......     100%        4    #####..
 Fulminant Prism          Conj/Hex       #.........   100%        4    #####..
 Iskenderun's Mystic Bla  Conj           #.......     100%        4    #####..
 Summon Ice Beast         Ice/Summ       #.......     100%        4    #####..
 Summon Lightning Spire   Summ/Air       #.......     100%        4    #####..
 Bolt of Magma            Conj/Fire/Erth #.........   100%        5    ######.
 Borgnjor's Vile Clutch   Necr/Erth      #.........   100%        5    ######.
 Lightning Bolt           Conj/Air       #.........   100%        5    ######.
 Silence                  Hex/Air        #.........   100%        5    ######.
 Yara's Violent Unravell  Hex/Tmut       #.........   100%        5    ######.
 Death Channel            Necr           #.........   100%        6    #######
 Deflect Missiles         Chrm/Air       #.........   100%        6    #######
 Simulacrum               Ice/Necr       #.........   100%        6    #######
 Haunt                    Necr/Summ      #.........   100%        7    #######
 Spellforged Servitor     Conj/Summ      #.........   100%        7    #######
 Discord                  Hex            #.........   100%        8    #######
 Infestation              Necr           #.........   100%        8    #######
 Beastly Appendage        Tmut           Unusable     N/A         1    N/A
 Blade Hands              Tmut           Unusable     N/A         5    N/A
 Statue Form              Tmut/Erth      Unusable     N/A         6    N/A
 Borgnjor's Revivificati  Necr           Unusable     N/A         8    N/A
 Death's Door             Chrm/Necr      Unusable     N/A         8    N/A
 Necromutation            Tmut/Necr      Unusable     N/A         8    N/A

Dungeon Overview and Level Annotations

Branches:
Dungeon (15/15)            Temple (0/1) D:7            Lair (6/6) D:9
 Shoals (4/4) Lair:2        Snake (4/4) Lair:3        Slime (0/5) Lair:5
    Orc (2/2) D:12            Elf (0/3) Orc:2        Vaults (5/5) D:13
  Crypt (3/3) Vaults:2     Depths (5/5) D:15            Zot (0/5) Depths:5
   Tomb: Crypt:3

Altars:
Ashenzari
Cheibriados
Fedhas
Gozag
Okawaru
Qazlal
Ru
Uskayaw
The Shining One
Beogh

Shops:
D:7 !   Orc:2 }**[   Shoals:2 (   Shoals:4 (   Snake:4 *[*!   Vaults:2 ?}*
Vaults:4 ?   Crypt:1 *   Depths:1 [   Depths:2 [   Depths:4 =

Portals:
Hell: Depths:1 Depths:2 Depths:3 Depths:4 Depths:5
Abyss: Depths:4 Depths:5
Pandemonium: Depths:2 Depths:3
Ziggurat: Depths:2
Trove: Vaults:4 (give 11 potions of heal wounds)

Annotations:
D:5 Eustachio
D:12 1 runed translucent door, steinardarri's ghost, journeyman TrCK
Lair:1 exclusion: 2 oklob plants
Snake:1 exclusion: 3 lava snakes
Snake:4 Gedi's ghost, adept GnWn
Vaults:3 exclusion: door, Bai Suzhen
Vaults:5 !, Saint Roka
Crypt:1 3 runed translucent doors, exclusion: obsidian statue, Hali's ghost, veteran FoFi
Depths:1 32 runed doors, exclusion: 32 doors
Depths:2 exclusions: angel, daeva and 2 more exclusions
Pan !


Innate Abilities, Weirdness & Mutations

Your body is rotting away.
You thrive on raw meat.
You are immune to poison.
You have sharp fingernails.
You are carnivorous and can eat meat at any time.
Your flesh is cold resistant. (rC+)
You are immune to negative energy. (rN+++)
You do not regenerate when monsters are visible.
You are immune to unholy pain and torment.
You can survive without breathing.


Message History

The javelin of penetration closely misses the vault guard.
The javelin of penetration pierces through the stone giant!
The stone giant is heavily wounded.
Throwing (i - inventory. (/) - cycle)
e - 23 javelins of penetration (quivered)
Press: ? - help, Shift-Dir - straight line, f/p - stone giant
Aim: a stone giant (heavily wounded)
Okay, then.
Unknown command.
Really quaff
u - 16 potions of curing {@q1 !q}?
Okay, then.
Unknown command.
Press: ? - help, v - describe, . - travel, g - get item A large rock.
There is something else lying underneath.
The floor, spattered with blood.
Unknown command.
Press: ? - help, v - describe, . - travel
Here: a titan (hasn't noticed you)
The floor.
Throwing (i - inventory. (/) - cycle)
e - 23 javelins of penetration (quivered)
Press: ? - help, Shift-Dir - straight line, f/p - stone giant
Aim: a stone giant (heavily wounded)
Okay, then.
Unknown command.
Really quaff
u - 16 potions of curing {@q1 !q}?
You feel better.
The titan shouts!
You hear a shout!
A deep elf mage comes into view. It is wielding a +0 rapier.
The titan waves its arms in wide circles.
The air twists around and strikes you!
* * * LOW HITPOINT WARNING * * *
The deep elf mage shouts!
You step out of the flow of time.
You return to the normal time flow.
You feel quite a bit more hungry.
You can no longer step out of the flow of time.
Cheibriados lowers the support of your attributes as your movement quickens. 2 orc warriors come into view.
The orc warrior shouts! x2
Throwing (i - inventory. (/) - cycle)
e - 23 javelins of penetration (quivered)
Press: ? - help, Shift-Dir - straight line, f - orc warrior
Aim: an orc warrior, wielding a +0 dire flail and wearing a +0 chain mail You throw a javelin of penetration.
The javelin of penetration pierces through the orc warrior but does no damage.
The javelin of penetration pierces through the orc warrior!
The orc warrior is moderately wounded.
A troll comes into view.
An orc priest comes into view. It is wielding a +0 flail.
Throwing (i - inventory. (/) - cycle)
e - 22 javelins of penetration (quivered)
Press: ? - help, Shift-Dir - straight line, f - orc priest, p - orc warrior
Aim: an orc priest, wielding a +0 flail (hasn't noticed you)
You throw a javelin of penetration. The troll shouts!
The orc priest shouts!
The javelin of penetration pierces through the orc warrior!
The orc warrior is severely wounded.
The javelin of penetration completely misses the orc priest.
You hear a shout!
You hear a deafening roar!
An orc priest comes into view.
Throwing (i - inventory. (/) - cycle)
e - 21 javelins of penetration (quivered)
Press: ? - help, Shift-Dir - straight line, f/p - orc priest
Aim: an orc priest, wielding a +0 flail You throw a javelin of penetration.
The javelin of penetration closely misses the orc warrior.
The javelin of penetration pierces through the orc warrior!
You kill the orc warrior!
Cheibriados appreciates the change of pace.
The javelin of penetration pierces through the orc priest!
The orc priest is severely wounded.
The orc priest invokes the aid of Beogh against you.
Beogh smites you!
* * * LOW HITPOINT WARNING * * *
Okay, then.
Unknown command.
Unknown command.
Really quaff
u - 15 potions of curing {@q1 !q}?
You feel better.
A storm dragon comes into view.
The orc priest miscasts a cantrip.
Throwing (i - inventory. (/) - cycle)
e - 20 javelins of penetration (quivered)
Press: ? - help, Shift-Dir - straight line, f/p - orc priest
Aim: an orc priest, wielding a +0 flail (severely wounded)
You throw a javelin of penetration.
The javelin of penetration pierces through the orc warrior!!!
You kill the orc warrior!
Cheibriados thoroughly appreciates the change of pace.
The javelin of penetration pierces through the orc priest!!
You kill the orc priest!
Cheibriados thoroughly appreciates the change of pace.
Throwing (i - inventory. (/) - cycle)
e - 19 javelins of penetration (quivered)
Press: ? - help, Shift-Dir - straight line, f - troll
Aim: a troll
Okay, then.
Unknown command.
Really read
D - 5 scrolls of teleportation {@r3 !r}?
As you read the scroll of teleportation {@r3 !r}, it crumbles to dust.
You feel strangely unstable.
Saint Roka shouts!
The deep elf high priest prays.
The deep elf high priest calls down the wrath of its god upon you.
The sphere of damnation explodes!
The damnation engulfs you!!
You die...

#...(# #...(# #....#
#....# #...)# #...)#
#....# #.)).#
#.@).#...T...##
#.)..##....(..##
#.T..##........####
#....##.....(......
#)...##............
#(Do.##.((.........
)...#.(..#....(.)pT....
...#(e(o#....((CT.....
............####.....


You could see Saint Roka, a storm dragon, a deep elf high priest, a troll and an
orc priest.

Vanquished Creatures
  A juggernaut (Depths:4)
  2 golden dragons
  6 caustic shrikes
  the Enchantress (Depths:2)
  A hellephant (Depths:4)
  3 tentacled monstrosities
  Rupert (D:13)
  3 liches
  A titan (Vaults:5)
  5 sphinxes
  Kirke (D:13)
  3 storm dragons
  Polyphemus (Shoals:3)
  2 tengu reavers
  3 shadow dragons
  Donald (D:13)
  Roxanne (Shoals:3)
  8 frost giants
  10 nagarajas
  3 revenants
  6 fire giants
  A draconian knight (Depths:5)
  9 vault wardens
  A draconian scorcher (Depths:5)
  2 iron dragons
  2 balrugs
  A curse skull (Crypt:1)
  2 deep elf elementalists
  A reaper (Depths:2)
  A draconian stormcaller (Depths:5)
  7 ghouls (Crypt:1)
  10 ironheart preservers
  6 spriggan defenders
  10 stone giants
  2 juggernaut skeletons (Crypt:2)
  15 very ugly things
  A war gargoyle (Vaults:3)
  A green draconian (Depths:5)
  3 vampire knights
  An entropy weaver (Vaults:3)
  A black draconian (Depths:5)
  A white draconian (Depths:5)
  A minotaur (Shoals:1)
  14 dire elephants (Depths:4)
  A yellow draconian (Depths:5)
  2 eidola
  4 spark wasps (Depths:5)
  10 merfolk impalers
  Snorg (D:14)
  8 ettins
  5 jiangshi
  2 deep elf death magi
  10 yaktaur captains
  Josephine (D:14)
  11 fire dragons
  A deep elf high priest (Depths:4)
  13 merfolk javelineers
  Erolcha (D:9)
  10 ice dragons
  8 great orbs of eyes
  Harold (D:7)
  9 naga warriors
  10 hydras
  17 vault guards
  5 rakshasas
  2 merfolk avatars
  4 catoblepae
  2 spriggan air magi
  19 centaur warriors
  An alligator snapping turtle (Shoals:3)
  7 merfolk aquamancers
  3 satyrs
  6 anacondas
  46 two-headed ogres
  2 death knights
  13 ogre magi
  11 deep troll shamans
  7 shock serpents
  14 naga sharpshooters
  7 death yaks
  4 tengu warriors
  10 orc high priests (Orc:2)
  3 vampire magi
  15 deep troll earth magi
  3 spriggan berserkers
  Sonja (Orc:2)
  A titan skeleton (Crypt:1)
  A hell knight (Depths:4)
  A soul eater (Crypt:1)
  4 sun demons
  7 deep elf knights
  2 fire crabs (Lair:6)
  4 shadow wraiths
  4 iron trolls
  22 sea snakes
  A storm dragon zombie (Vaults:3)
  4 salamander mystics
  27 deep trolls
  A death drake (shapeshifter) (Depths:4)
  An iron giant zombie (Crypt:1)
  8 large abominations (Depths:5)
  11 skeletal warriors
  7 wizards
  10 unseen horrors
  5 flayed ghosts
  5 naga ritualists
  4 deep elf archers
  Pikel (D:6)
  4 glowing orange brains
  A lindwurm (shapeshifter) (Vaults:5)
  4 phantasmal warriors
  3 lindwurms
  13 ironbrand convokers
  9 mana vipers
  A shadow dragon zombie (Vaults:3)
  16 harpies
  11 necromancers
  9 orc knights
  2 frost giant zombies
  6 cyclopes
  11 deep elf magi
  28 ugly things
  4 orc sorcerers
  7 wolf spiders
  21 manticores
  A moth of wrath (shapeshifter) (Depths:5)
  A salamander (shapeshifter) (Vaults:2)
  19 salamanders
  2 stone giant zombies
  A tengu skeleton (Vaults:2)
  3 sphinx skeletons
  2 iron dragon skeletons (Crypt:1)
  18 fauns
  Joseph (D:7)
  Maurice (Orc:2)
  29 black mambas
  13 vault sentinels
  2 ice statues (IceCv)
  15 elephants
  A fire giant skeleton (Vaults:2)
  2 stone giant skeletons (Vaults:2)
  10 merfolk sirens
  7 water nymphs
  3 frost giant skeletons (Vaults:1)
  7 guardian serpents
  3 torpor snails (Lair:6)
  3 gargoyles
  10 naga magi
  5 spiny frogs
  An orange demon (Depths:2)
  2 human zombies
  13 freezing wraiths
  A yaktaur zombie (Vaults:1)
  3 efreet (Depths:3)
  10 komodo dragons
  2 rime drakes (Lair:6)
  3 yaktaurs (shapeshifter) (Vaults:4)
  2 guardian mummies (Crypt:1)
  7 tengu conjurers
  70 yaktaurs
  7 ice devils
  A queen bee (Lair:4)
  A rime drake (shapeshifter) (Vaults:2)
  10 wind drakes
  5 trolls
  8 meliai
  A hellwing (Depths:1)
  42 merfolk
  A tengu simulacrum (Depths:3)
  9 snapping turtles
  2 tyrant leeches (D:13)
  A fire dragon zombie (Depths:1)
  A blink frog (shapeshifter) (Vaults:3)
  A bog body (Crypt:1)
  6 hornets
  An ice dragon zombie (Crypt:1)
  28 slime creatures
  8 dream sheep
  9 hippogriffs
  16 blink frogs
  An ettin zombie (Vaults:3)
  A snapping turtle (shapeshifter) (Vaults:5)
  2 fire giant simulacra
  10 flying skulls
  6 shadows
  A shapeshifter (Vaults:3)
  29 yaks
  2 redbacks (Vaults:3)
  3 wyverns
  5 spriggans
  An elf zombie (Depths:3)
  23 water elementals
  A hog (shapeshifter) (D:13)
  13 wraiths
  5 basilisks
  6 hogs (D:13)
  An ettin skeleton (Vaults:2)
  2 fire bats (D:13)
  A chaos spawn (Depths:5)
  2 hungry ghosts
  Edmund (D:4)
  12 vampire mosquitoes
  48 nagas
  A gelid demonspawn zombie (Crypt:2)
  5 wargs
  3 acid dragons
  2 floating eyes
  A hell hound (Depths:1)
  12 water moccasins
  A deep troll skeleton (Vaults:2)
  4 porcupines
  28 orc warriors
  3 small abominations (Depths:5)
  A swamp drake (D:12)
  2 ice beasts
  3 eyes of draining
  A deep troll simulacrum (Depths:1)
  3 ettin simulacra (Depths:3)
  3 black bears
  A black bear (shapeshifter) (Vaults:1)
  2 phantoms
  A sky beast (D:5)
  2 slaves (D:6)
  A tengu (shapeshifter) (Vaults:4)
  9 necrophages
  38 ogres
  12 boggarts
  A snapping turtle skeleton (Crypt:1)
  41 centaurs
  45 wolves
  10 human skeletons
  A manticore skeleton (Crypt:1)
  10 crocodiles
  2 swamp dragon skeletons (Crypt:1)
  A dream sheep skeleton (Crypt:1)
  3 big kobolds
  15 bullfrogs
  A draconian skeleton (Crypt:2)
  4 scorpions
  32 killer bees
  An electric eel (Lair:3)
  10 wights
  2 vampire bats (D:13)
  5 howler monkeys
  9 crimson imps
  6 draconian simulacra (IceCv)
  4 hounds
  A quasit (D:11)
  4 centaur zombies
  6 jellies
  A yaktaur simulacrum (Vaults:1)
  5 centaur skeletons
  39 orc priests
  Crazy Yiuf (D:7)
  23 orc wizards
  3 bullfrog skeletons
  2 iguanas
  8 worker ants
  2 hell rats (D:13)
  3 troll simulacra (IceCv)
  A centaur simulacrum (IceCv)
  A felid skeleton (Crypt:2)
  A dwarf skeleton (Crypt:2)
  A hound zombie (D:6)
  3 mummies (Crypt:1)
  3 worker ant zombies
  3 gnolls (D:3)
  A howler monkey skeleton (D:11)
  A swamp drake zombie (Crypt:1)
  9 adders
  A naga simulacrum (Crypt:1)
  4 river rats (D:13)
  4 shadow imps
  12 white imps (D:15)
  7 oozes
  A lava snake zombie (Crypt:1)
  3 adder skeletons
  10 worms
  3 leopard geckos
  131 orcs
  9 ball pythons
  18 bats
  4 giant cockroaches
  4 goblins
  7 hobgoblins
  14 jackals
  29 kobolds
  5 quokkas
  7 frilled lizards
  A frilled lizard skeleton (Crypt:2)
  A jackal zombie (D:7)
  A kobold skeleton (Crypt:1)
  2 leopard gecko skeletons
  2 quokka zombies (D:7)
  12 rats
  A bush (D:7)
  3 fungi
  7 plants
2121 creatures vanquished.

Vanquished Creatures (collateral kills)
  A hydra skeleton (Crypt:1)
1 creature vanquished.

Vanquished Creatures (others)
  A fire giant (Vaults:3)
  3 yaktaur captains
  A deep troll earth mage (Depths:3)
  An orc knight (Vaults:1)
  A salamander (Snake:3)
  A black mamba (Lair:6)
  3 yaktaurs
  A water elemental (Shoals:4)
  A flying skull (Crypt:1)
  A hog (D:13)
  A boggart (Depths:1)
  A boggart (shapeshifter) (Vaults:5)
  2 orc wizards
  A leopard gecko (D:6)
  92 fungi
  92 plants
  2 withered plants (D:12)
205 creatures vanquished.

Grand Total: 2327 creatures vanquished

Notes
Turn   | Place    | Note
-------+----------+-------------------------------------------
     0 | D:1      | MisterOstroum the Ghoul Fighter began the quest for the
                  | Orb.
     0 | D:1      | Reached XP level 1. HP: 19/19 MP: 0/0
   193 | D:1      | Found a snail-covered altar of Cheibriados.
   213 | D:1      | Became a worshipper of Cheibriados the Contemplative
   231 | D:1      | Reached XP level 2. HP: 15/26 MP: 1/1
   385 | D:1      | You fall through a shaft!
   987 | D:1      | Reached * piety under Cheibriados
  1179 | D:2      | Reached XP level 3. HP: 28/31 MP: 2/2
  1738 | D:2      | Reached XP level 4. HP: 38/38 MP: 3/3
  1798 | D:2      | Found a stormy altar of Qazlal.
  1798 | D:2      | Found a shattered altar of Ashenzari.
  1875 | D:2      | Noticed an ogre
  1885 | D:2      | Killed an ogre
  1885 | D:2      | Reached XP level 5. HP: 13/45 MP: 0/4
  2324 | D:3      | Reached skill level 5 in Polearms
  2385 | D:3      | Reached XP level 6. HP: 23/52 MP: 5/5
  2424 | D:3      | Reached ** piety under Cheibriados
  2855 | D:3      | Found a sacrificial altar of Ru.
  2924 | D:3      | Reached *** piety under Cheibriados
  3309 | D:4      | Reached skill level 1 in Invocations
  3618 | D:4      | Reached XP level 7. HP: 35/59 MP: 7/7
  3985 | D:5      | Entered Level 5 of the Dungeon
  4010 | D:5      | HP: 1/60 [water moccasin (5)]
  4011 | D:5      | Reached skill level 5 in Fighting
  4012 | D:5      | Found a glowing golden altar of the Shining One.
  4143 | D:5      | Noticed Eustachio
  4210 | D:5      | Noticed Edmund
  4474 | D:4      | Killed Edmund
  4474 | D:4      | Reached skill level 5 in Invocations
  4474 | D:4      | Reached XP level 8. HP: 34/68 MP: 9/11
  4555 | D:5      | You fall through a shaft!
  4622 | D:6      | Noticed Pikel
  4642 | D:6      | Killed Pikel
  4963 | D:6      | Reached XP level 9. HP: 72/74 MP: 13/13
  5257 | D:6      | Found a sacrificial altar of Ru.
  5917 | D:7      | Found a staircase to the Ecumenical Temple.
  5998 | D:7      | Noticed Joseph
  6025 | D:7      | Noticed Harold
  6228 | D:7      | Found Raoklef's Distillery.
  6242 | D:7      | Bought a potion of heal wounds for 75 gold pieces
  6242 | D:7      | Bought a potion of curing for 45 gold pieces
  6352 | D:7      | HP: 1/78 [Harold/+4 long sword of protection (18)]
  6362 | D:7      | Was placed under penance by Cheibriados
  6853 | D:7      | Found a runed translucent door.
  6854 | D:7      | Noticed Crazy Yiuf
  6866 | D:7      | Killed Crazy Yiuf
  6907 | D:7      | Was forgiven by Cheibriados
  6932 | D:7      | Found an iron altar of Okawaru.
  6973 | D:7      | Paralysed by Joseph for 2 turns
  6986 | D:7      | Killed Joseph
  7107 | D:7      | Found a hide-covered altar of Uskayaw.
  7629 | D:8      | Reached XP level 10. HP: 88/88 MP: 15/15
  7902 | D:9      | Found a staircase to the Lair.
  8048 | D:9      | Reached skill level 1 in Slings
  8167 | D:9      | Reached **** piety under Cheibriados
  8465 | D:9      | Noticed Erolcha
  8479 | D:9      | Paralysed by Erolcha for 2 turns
  8484 | D:9      | Killed Erolcha
  9069 | D:10     | Entered Level 10 of the Dungeon
  9441 | D:10     | Reached skill level 5 in Shields
  9698 | D:10     | Noticed a gargoyle
  9707 | D:10     | Killed a gargoyle
  9707 | D:10     | Reached skill level 5 in Armour
 10068 | Lair:1   | Entered Level 1 of the Lair of Beasts
 10099 | Lair:1   | Noticed a six-headed hydra
 10209 | Lair:1   | Noticed an oklob plant
 10209 | Lair:1   | Noticed an oklob plant
 10302 | Lair:1   | Killed a six-headed hydra
 10302 | Lair:1   | Reached XP level 11. HP: 36/97 MP: 12/17
 10751 | Lair:1   | Reached skill level 1 in Evocations
 11339 | Lair:2   | Reached skill level 10 in Invocations
 11461 | Lair:2   | Found a staircase to the Shoals.
 11900 | Lair:2   | Reached skill level 10 in Fighting
 12415 | Lair:3   | Reached skill level 5 in Evocations
 12562 | Lair:3   | Found a staircase to the Snake Pit.
 13025 | Lair:4   | Reached XP level 12. HP: 104/106 MP: 18/18
 13220 | Lair:4   | Found a gate leading to a gauntlet.
 13223 | Lair:4   | Reached skill level 5 in Slings
 14009 | Lair:4   | Reached ***** piety under Cheibriados
 14209 | Lair:4   | Reached skill level 1 in Axes
 14303 | Lair:4   | Reached skill level 10 in Shields
 14453 | Lair:5   | Noticed an eight-headed hydra
 14699 | Lair:5   | Noticed a six-headed hydra
 14709 | Lair:5   | Killed a six-headed hydra
 14778 | Lair:5   | Reached XP level 13. HP: 116/116 MP: 20/20
 15131 | Lair:5   | Found a staircase to the Slime Pits.
 15446 | Lair:6   | Entered Level 6 of the Lair of Beasts
 16082 | D:11     | Found a roughly hewn altar of Beogh.
 17013 | D:12     | Reached skill level 1 in Dodging
 17126 | D:12     | Found a staircase to the Orcish Mines.
 17144 | Orc:1    | Entered Level 1 of the Orcish Mines
 17362 | Orc:1    | Found a roughly hewn altar of Beogh.
 17580 | Orc:2    | Entered Level 2 of the Orcish Mines
 17586 | Orc:2    | Noticed Maurice
 17596 | Orc:2    | Killed Maurice
 17661 | Orc:2    | Found a staircase to the Elven Halls.
 17861 | Orc:2    | Reached ****** piety under Cheibriados
 17891 | Orc:2    | Reached XP level 14. HP: 43/125 MP: 11/21
 18211 | Orc:2    | Found a roughly hewn altar of Beogh.
 18325 | Orc:2    | Noticed Sonja
 18342 | Orc:2    | Killed Sonja
 18583 | Orc:2    | Found Gunkoch's General Store.
 18583 | Orc:2    | Found Tieptol's Gadget Emporium.
 18763 | Orc:2    | Found a roughly hewn altar of Beogh.
 19073 | Orc:2    | Found Sung's Antique Armour Shop.
 19073 | Orc:2    | Found Romur's Assorted Antiques.
 19081 | Orc:2    | Bought a pair of boots for 162 gold pieces
 19561 | Orc:2    | Bought a scroll of teleportation for 54 gold pieces
 19561 | Orc:2    | Bought a potion of curing for 54 gold pieces
 19794 | D:7      | Killed Harold
 20005 | D:7      | Found a blossoming altar of Fedhas.
 20253 | D:7      | Bought a potion of agility for 60 gold pieces
 20253 | D:7      | Bought a potion of resistance for 150 gold pieces
 20253 | D:7      | Bought a potion of curing for 45 gold pieces
 20253 | D:7      | Bought a potion of heal wounds for 75 gold pieces
 20253 | D:7      | Bought a potion of agility for 60 gold pieces
 20253 | D:7      | Bought 2 potions of agility for 120 gold pieces
 20253 | D:7      | Bought a potion of resistance for 150 gold pieces
 20476 | D:12     | Found a runed translucent door.
 20477 | D:12     | Noticed steinardarri's ghost (journeyman TrCK)
 21061 | D:13     | Found a gate to the Vaults.
 21113 | D:13     | Noticed Kirke
 21127 | D:13     | Killed Kirke
 22045 | D:13     | Noticed Rupert
 22484 | D:13     | Reached XP level 15. HP: 134/134 MP: 23/23
 22901 | D:14     | Noticed Snorg
 22923 | D:14     | Killed Snorg
 22958 | D:14     | Noticed Josephine
 22968 | D:14     | Killed Josephine
 23516 | D:14     | Reached skill level 10 in Polearms
 23516 | D:14     | Reached skill level 10 in Slings
 23799 | D:15     | Entered Level 15 of the Dungeon
 24131 | D:15     | Found a frozen archway.
 24173 | IceCv    | Entered an ice cave
 24746 | D:15     | Found a staircase to the Depths.
 25516 | Lair:5   | Reached XP level 16. HP: 117/146 MP: 25/25
 26371 | Lair:6   | Found the +8 frozen axe "Frostbite" {freezing cloud, *Noise
                  | +Fly rC+}
 26400 | Lair:6   | Identified the Incunabulum of Glacial Attacks
 26407 | Lair:6   | Learned a level 2 spell: Blink
 26924 | Snake:1  | Entered Level 1 of the Snake Pit
 27275 | Snake:1  | Reached skill level 5 in Axes
 27335 | Snake:1  | Reached skill level 15 in Invocations
 27513 | Snake:1  | Reached skill level 15 in Fighting
 28004 | Snake:2  | Noticed a nagaraja
 28015 | Snake:2  | Killed a nagaraja
 28653 | Snake:2  | Reached XP level 17. HP: 119/156 MP: 27/27
 30957 | Snake:4  | Entered Level 4 of the Snake Pit
 31366 | Snake:4  | Reached skill level 5 in Dodging
 31572 | Snake:4  | Found a large runed translucent door.
 31573 | Snake:4  | Found a large runed translucent door.
 31575 | Snake:4  | Noticed Gedi's ghost (adept GnWn)
 31668 | Snake:4  | Identified the +1 ring mail of the Everdark {+Blink Regen+
                  | Int-3}
 31942 | Snake:4  | Found Bidoga's Armour Boutique.
 31969 | Snake:4  | Found Reshoeva's Distillery.
 31969 | Snake:4  | Found Legiqy's Assorted Antiques.
 31991 | Snake:4  | Found Feenkek's Assorted Antiques.
 32002 | Snake:4  | Bought a glowing hunting sling for 85 gold pieces
 32008 | Snake:4  | Bought a potion of curing for 126 gold pieces
 32008 | Snake:4  | Bought a scroll of blinking for 315 gold pieces
 32011 | Snake:4  | Bought a potion of curing for 51 gold pieces
 32011 | Snake:4  | Bought a potion of invisibility for 136 gold pieces
 32011 | Snake:4  | Bought a potion of curing for 51 gold pieces
 32011 | Snake:4  | Bought a potion of curing for 51 gold pieces
 32011 | Snake:4  | Bought a potion of curing for 51 gold pieces
 32011 | Snake:4  | Bought a potion of curing for 51 gold pieces
 32011 | Snake:4  | Bought a potion of magic for 136 gold pieces
 32642 | Snake:4  | Reached XP level 18. HP: 134/163 MP: 28/28
 32887 | Snake:4  | Got a serpentine rune of Zot
 33282 | Vaults:1 | Entered Level 1 of the Vaults
 33305 | Vaults:1 | Paralysed by an orc sorcerer for 4 turns
 33464 | Vaults:1 | Noticed Donald
 33698 | D:13     | Killed Donald
 35298 | Vaults:2 | Reached XP level 19. HP: 165/170 MP: 29/29
 35833 | Vaults:2 | Identified the +2 robe of Omun {SInv}
 35987 | Vaults:2 | Found Ether's Gadget Boutique.
 36288 | Vaults:2 | Found a staircase to the Crypt.
 36447 | Vaults:2 | Bought a wand of acid (8) for 336 gold pieces
 36447 | Vaults:2 | Bought a wand of acid (6) for 280 gold pieces
 36605 | Vaults:2 | Found Rerghaen's Magic Scroll Boutique.
 36620 | Vaults:2 | Bought a scroll of enchant armour for 112 gold pieces
 36811 | Vaults:2 | Found Ytexet's Assorted Antiques.
 37302 | Vaults:3 | Noticed Bai Suzhen
 37380 | Vaults:3 | Paralysed by a great orb of eyes for 2 turns
 37936 | Vaults:3 | Reached skill level 15 in Shields
 37940 | Vaults:3 | Reached XP level 20. HP: 80/178 MP: 20/30
 38084 | Vaults:3 | Reached skill level 1 in Translocations
 39051 | Vaults:4 | Identified the +3 great sword "Wifaux" {drain, rC+ rN+
                  | Int+2 Stlth+}
 39056 | Vaults:4 | Reached skill level 5 in Translocations
 39163 | Vaults:4 | Found Cumori's Magic Scroll Shop.
 39171 | Vaults:4 | Bought a scroll of fog for 28 gold pieces
 39171 | Vaults:4 | Bought a scroll of teleportation for 42 gold pieces
 39313 | Vaults:4 | Reached skill level 1 in Spellcasting
 39323 | Vaults:4 | Reached skill level 10 in Armour
 39411 | Vaults:4 | Reached skill level 10 in Axes
 40340 | D:13     | Killed Rupert
 40507 | Crypt:1  | Entered Level 1 of the Crypt
 40548 | Crypt:1  | Reached skill level 10 in Dodging
 41044 | Crypt:1  | Reached XP level 21. HP: 116/184 MP: 31/31
 41203 | Crypt:1  | Found a runed translucent gate.
 41209 | Crypt:1  | Found a runed translucent gate.
 41209 | Crypt:1  | Found an opulent altar of Gozag.
 41209 | Crypt:1  | Noticed Hali's ghost (veteran FoFi)
 41704 | Crypt:1  | Found a runed translucent gate.
 41708 | Crypt:1  | Found Emmy Lau's Assorted Antiques.
 41870 | Crypt:2  | Reached skill level 1 in Throwing
 42439 | Crypt:3  | Entered Level 3 of the Crypt
 42769 | Shoals:1 | Entered Level 1 of the Shoals
 43154 | Shoals:1 | Reached skill level 10 in Evocations
 43674 | Shoals:1 | Found a hide-covered altar of Uskayaw.
 44235 | Shoals:2 | Found Xoeblumav's Antique Weapon Shop.
 45320 | Shoals:3 | Noticed Polyphemus
 45335 | Shoals:3 | Killed Polyphemus
 45687 | Shoals:3 | Identified Roxanne's Collected Works on Transmutation
 45687 | Shoals:3 | Noticed Roxanne
 45696 | Shoals:3 | Killed Roxanne
 46098 | Shoals:4 | Entered Level 4 of the Shoals
 46290 | Shoals:4 | Reached XP level 22. HP: 182/192 MP: 30/32
 46293 | Shoals:4 | Reached skill level 5 in Throwing
 46622 | Shoals:4 | Identified the cursed +1 rapier of Extermination {speed,
                  | +Blink rElec}
 46698 | Shoals:4 | Got a barnacled rune of Zot
 47309 | Shoals:4 | Found Xihiut's Antique Weapon Emporium.
 47881 | Depths:1 | Entered Level 1 of the Depths
 48148 | Depths:1 | Found Witen's Antique Armour Shop.
 48277 | Depths:1 | Noticed a golden dragon
 48293 | Depths:1 | Killed a golden dragon
 48414 | Depths:1 | Found a huge runed gate.
 48414 | Depths:1 | Found a huge runed gate.
 48414 | Depths:1 | Found a huge runed gate.
 48414 | Depths:1 | Found a huge runed gate.
 48414 | Depths:1 | Found a huge runed gate.
 48414 | Depths:1 | Found a huge runed gate.
 48414 | Depths:1 | Found a huge runed gate.
 48414 | Depths:1 | Found a huge runed gate.
 48420 | Depths:1 | Found a huge runed gate.
 48420 | Depths:1 | Found a huge runed gate.
 48420 | Depths:1 | Found a huge runed gate.
 48420 | Depths:1 | Found a huge runed gate.
 48422 | Depths:1 | Found a huge runed gate.
 48434 | Depths:1 | Found a huge runed gate.
 48434 | Depths:1 | Found a huge runed gate.
 48434 | Depths:1 | Found a huge runed gate.
 48434 | Depths:1 | Found a huge runed gate.
 48434 | Depths:1 | Found a huge runed gate.
 48435 | Depths:1 | Found a huge runed gate.
 48436 | Depths:1 | Found a huge runed gate.
 48437 | Depths:1 | Found a huge runed gate.
 48438 | Depths:1 | Found a huge runed gate.
 48439 | Depths:1 | Found a huge runed gate.
 48447 | Depths:1 | Found a huge runed gate.
 48447 | Depths:1 | Found a huge runed gate.
 48447 | Depths:1 | Found a huge runed gate.
 48447 | Depths:1 | Found a huge runed gate.
 48447 | Depths:1 | Found a huge runed gate.
 48447 | Depths:1 | Found a huge runed gate.
 48447 | Depths:1 | Found a huge runed gate.
 48541 | Depths:1 | Found a huge runed gate.
 48542 | Depths:1 | Found a huge runed gate.
 48606 | Depths:1 | Paralysed by a sphinx for 5 turns
 48807 | Depths:1 | Found a gateway to Hell.
 49149 | Depths:2 | Found a gateway to a ziggurat.
 49385 | Depths:2 | Identified the +4 faerie dragon scales {-Tele rPois rN+++
                  | rCorr Int+3}
 49385 | Depths:2 | Noticed the Enchantress
 49400 | Depths:2 | Killed the Enchantress
 49440 | Depths:2 | Found a one-way gate leading to the halls of Pandemonium.
 49597 | Depths:2 | Reached XP level 23. HP: 199/199 MP: 33/33
 49694 | Depths:2 | Found Ihelew's Armour Emporium.
 49708 | Depths:2 | Bought a +2 cloak of invisibility for 279 gold pieces
 50543 | Depths:3 | Paralysed by a floating eye for 3 turns
 50751 | Depths:3 | Reached skill level 15 in Axes
 51045 | Depths:3 | Got a dazzling helmet
 51079 | Depths:3 | Identified the +0 helmet "Zaew" {Str+6} (You found it on
                  | level 3 of the Depths)
 52142 | Depths:4 | Noticed a caustic shrike
 52142 | Depths:4 | Noticed a juggernaut
 52145 | Depths:4 | Killed a caustic shrike
 52153 | Depths:4 | Killed a juggernaut
 52948 | Depths:4 | Found a one-way gate to the infinite horrors of the Abyss.
 52962 | Depths:4 | Reached XP level 24. HP: 193/207 MP: 31/33
 53276 | Depths:4 | Got a fine hat
 53277 | Depths:4 | Identified the cursed +0 hat of Syiqept {Int+8 Stlth+} (You
                  | found it on level 4 of the Depths)
 53456 | Depths:4 | Found Quhe's Jewellery Shoppe.
 53462 | Depths:4 | Bought a +4 amulet of reflection for 567 gold pieces
 53774 | Depths:5 | Entered Level 5 of the Depths
 54064 | Depths:5 | Noticed a caustic shrike
 54064 | Depths:5 | Noticed a caustic shrike
 54064 | Depths:5 | Noticed a caustic shrike
 54066 | Depths:5 | Killed a caustic shrike
 54066 | Depths:5 | Killed a caustic shrike
 54066 | Depths:5 | Noticed a caustic shrike
 54066 | Depths:5 | Noticed a caustic shrike
 54070 | Depths:5 | Killed a caustic shrike
 54076 | Depths:5 | Killed a caustic shrike
 54081 | Depths:5 | Killed a caustic shrike
 54342 | Depths:5 | Found a gate to the Realm of Zot.
 55204 | Vaults:4 | Found a portal to a secret trove of treasure.
 55445 | Vaults:5 | Entered Level 5 of the Vaults
 55531 | Vaults:5 | Reached XP level 25. HP: 110/216 MP: 29/34
 55537 | Vaults:5 | Noticed Saint Roka
 55581 | Vaults:5 | Identified the cursed ring "Yklima" {rF- MP+9 Str+10 Int-3
                  | Dex-2 Slay+5}
 55711 | Vaults:5 | Killed from afar by a deep elf high priest

Skill      XL: |  1  2  3  4  5  6  7  8  9 10 11 12 13 14 15 16 17 18 19 20 21 22 23 24 25 |
---------------+----------------------------------------------------------------------------+-----
Polearms       | 2 3 4 5 6 7 8 9 10 11 12 13 | 13.0
Fighting       | 4 5 6 8 9 10 11 12 14 15 16 | 16.5
Invocations    | 2 5 7 8 9 10 11 12 14 15 16 | 16.5
Armour         | 3 4 5 6 7 8 9 10 11 12 14 | 14.7
Shields        | 3 4 5 7 10 12 13 15 16 | 16.3
Slings         | 4 6 9 10 11 12 | 12.0
Evocations     | 5 6 8 10 | 10.0
Axes           | 2 4 5 6 8 9 10 11 14 16 | 16.4
Dodging        | 2 6 8 9 10 11 12 13 | 13.0
Translocations | 7 |  7.0
Spellcasting   | 3 |  3.0
Throwing       | 4 5 |  5.3

Action                   |  1- 3 |  4- 6 |  7- 9 | 10-12 | 13-15 | 16-18 | 19-21 | 22-24 | 25-27 || total
-------------------------+-------+-------+-------+-------+-------+-------+-------+-------+-------++-------
Melee: Trident           |   175 |    57 |   472 |   718 |   565 |   612 |   354 |       |       ||  2953
       Spear             |       |   156 |    34 |       |       |       |       |       |       ||   190
       War axe           |       |       |       |    73 |   565 |   591 |   232 |       |       ||  1461
       Broad axe         |       |       |       |       |       |       |   748 |   532 |    66 ||  1346
       Demon trident     |       |       |       |       |       |       |    41 |   479 |    40 ||   560
 Fire: Hunting sling     |       |       |     6 |   129 |   392 |   444 |   604 |   312 |       ||  1887
       Blowgun           |       |       |       |       |     1 |       |       |       |       ||     1
       Fustibalus        |       |       |       |       |       |       |       |    73 |    17 ||    90
Throw: Stone             |    35 |    13 |    50 |    48 |    27 |     3 |       |       |       ||   176
       Tomahawk          |       |     3 |     5 |       |    59 |    55 |   126 |       |       ||   248
       Javelin           |       |       |    12 |       |       |    10 |    25 |   106 |    11 ||   164
       Throwing net      |       |       |       |       |       |       |     2 |       |       ||     2
 Cast: Blink             |       |       |       |       |       |       |     4 |     1 |       ||     5
Invok: Bend Time         |       |     1 |     5 |     9 |     2 |     3 |     1 |       |       ||    21
       Temporal Distorti |       |       |     8 |     6 |     2 |     3 |       |     1 |       ||    20
       Slouch            |       |       |       |     8 |    24 |    15 |    12 |    17 |     3 ||    79
       Step From Time    |       |       |       |       |       |     1 |       |     1 |     2 ||     4
 Abil: Evoke Flight      |       |       |       |       |       |       |       |     1 |       ||     1
Evoke: Wand              |       |       |       |     1 |     3 |     9 |    15 |     3 |       ||    31
       Lightning rod     |       |       |       |       |       |       |     6 |       |       ||     6
       Lamp of fire      |       |       |       |       |       |       |     1 |       |       ||     1
       Sack of spiders   |       |       |       |       |       |       |     1 |       |       ||     1
  Use: Potion            |       |     1 |     6 |       |     5 |     2 |     1 |     6 |     8 ||    29
       Scroll            |       |       |    16 |    16 |     6 |    11 |    16 |     8 |     5 ||    78
 Stab: Sleeping          |       |       |       |       |     8 |     1 |     2 |       |       ||    11
       Confused          |       |       |       |       |     2 |       |       |     2 |       ||     4
       Invisible         |       |       |       |       |     1 |       |       |       |       ||     1
       Distracted        |       |       |       |       |     1 |     2 |       |       |       ||     3
       Petrified         |       |       |       |       |       |     8 |     3 |       |       ||    11
       Paralysed         |       |       |       |       |       |       |    12 |       |       ||    12
       Held in net/web   |       |       |       |       |       |       |     3 |       |       ||     3
       Petrifying        |       |       |       |       |       |       |     1 |       |       ||     1
  Eat: Chunk             |     6 |    13 |    42 |    82 |   108 |   178 |   136 |   126 |     5 ||   696
       Ration            |       |       |     5 |     2 |     1 |     1 |       |       |       ||     9
Armor: Scale mail        |    52 |    75 |   145 |     9 |       |       |       |       |       ||   281
       Plate armour      |       |       |       |   427 |     4 |       |   241 |    79 |       ||   751
       Shadow dragon sca |       |       |       |       |   501 |   467 |   154 |       |       ||  1122
       Gold dragon scale |       |       |       |       |       |       |       |   174 |    42 ||   216
Dodge: Dodged            |    45 |    50 |   124 |   241 |   308 |   366 |   370 |   314 |    28 ||  1846
Block: Shield            |    68 |    85 |   293 |   665 |  1013 |   730 |       |       |       ||  2854
       Large shield      |       |       |       |       |       |   366 |  1535 |  1172 |   135 ||  3208
       Reflection        |       |       |       |       |       |       |       |    22 |     9 ||    31
